 Dungeon Crawl Stone Soup version 0.17-a0-2093-gc772f4b (webtiles) character file.

889 tp1 the Magician (level 7, 0/36 HPs)
             Began as a Deep Elf Conjurer on Oct 16, 2015.
             Was a Believer of Vehumet.
             Killed by divine providence
             ... invoked by an orc priest
              (11 damage)
             ... on level 7 of the Dungeon.
             The game lasted 00:46:41 (7069 turns).

tp1 the Magician (Deep Elf Conjurer)                Turns: 7069, Time: 00:46:42

Health: 0/36       AC:  3    Str:  5    XL:     7   Next: 77%
Magic:  15/18      EV: 12    Int: 22    God:    Vehumet [**....]
Gold:   196        SH:  0    Dex: 15    Spells: 4 memorised, 7 levels left

rFire  . . .     SeeInvis .     n - +0 rapier
rCold  . . .     Clarity  .     v - +0 leather armour
rNeg   . . .     SustAt   .     (no shield)
rPois  .         Gourm    .     (no helmet)
rElec  .         Spirit   .     (no cloak)
rCorr  .         Warding  .     (no gloves)
rMut   .         Stasis   .     (no boots)
MR     .....                    (no amulet)
Stlth  ++........               (no ring)
                                (no ring)

@: not resistant to hostile enchantments, unstealthy
A: no striking features
a: Renounce Religion


You were on level 7 of the Dungeon.
You worshipped Vehumet.
Vehumet was pleased with you.
You were very hungry.

You visited 1 branch of the dungeon, and saw 7 of its levels.

You collected 196 gold pieces.

Inventory:

Hand Weapons
 e - a +0 short sword
 n - a +0 rapier (weapon)
 q - a +1 dagger of venom
Armour
 a - a +0 robe
 k - a +0 leather armour
 v - a +0 leather armour (worn)
Jewellery
 u - an uncursed ring of positive energy {unknown}
 x - a cursed -2 ring of evasion {unknown}
Scrolls
 f - 3 scrolls of immolation
 g - a scroll of teleportation
 i - 2 scrolls of remove curse
 j - 3 scrolls of recharging
 o - a scroll of fear {unknown}
 r - 2 scrolls of magic mapping
 s - a scroll of enchant weapon {unknown}
 w - a scroll of amnesia {unknown}
Potions
 h - a potion of agility
 m - 2 potions of beneficial mutation
 p - 3 potions of brilliance
 t - 3 potions of degeneration
 z - a potion of flight {unknown}
Books
 b - a book of Conjurations

   Spells                             Type                      Level
   a - Magic Dart                     Conjuration                  1
   b - Searing Ray                    Conjuration                  2
   c - Dazzling Spray                 Conjuration/Hexes            3
   d - Fulminant Prism                Conjuration/Hexes            4
   e - Iskenderun's Mystic Blast      Conjuration                  4
   f - Iskenderun's Battlesphere      Conjuration/Charms           5
Comestibles
 c - 3 bread rations
 d - a beef jerky


   Skills:
 - Level 4.0 Short Blades
 - Level 3.2 Armour
 - Level 3.2 Dodging
 - Level 3.0 Stealth
 - Level 6.1 Spellcasting
 - Level 5.1 Conjurations
 + Level 4.7 Hexes


You had 7 spell levels left.
You knew the following spells:

 Your Spells              Type           Power        Failure   Level  Hunger
a - Magic Dart            Conj           ####         1%          1    None
b - Searing Ray           Conj           ####..       2%          2    None
c - Dazzling Spray        Conj/Hex       ####....     10%         3    #......
d - Iskenderun's Battles  Conj/Chrm      ###.....     97%         5    #####..


Dungeon Overview and Level Annotations

Branches:
Dungeon (7/15)             Temple (0/1) D:5

Altars:
Dithmenos
Makhleb
Nemelex Xobeh
Qazlal
Ru
Vehumet

Shops:
D:5 =

Annotations:
D:4 Natasha
D:6 Prince Ribbit


Message History

Casting: Magic Dart
Confirm with . or Enter, or press ? or * to list all spells.
Okay, then.
Casting: Magic Dart
Confirm with . or Enter, or press ? or * to list all spells.
Aiming: Magic Dart
Press: ? - help, Shift-Dir - straight line, f - orc priest
Aim: an orc priest, wielding a war axe of flaming and wearing a chain mail
Okay, then.
Casting: Magic Dart
Confirm with . or Enter, or press ? or * to list all spells.
Aiming: Dazzling Spray
Press: ? - help, Shift-Dir - straight line, f - orc priest
Aim: an orc priest, wielding a war axe of flaming and wearing a chain mail The spray of energy hits the orc priest.
The orc priest is heavily wounded.
The orc priest is dazzled.
The orc priest calls down the wrath of Beogh upon you.
Something smites you!
You die...

######
#.o@.#
#o##.#
#?.#.#
##....r...
#...##...
#...#
....#
#oo.#
.....


You could see an orc priest (blind) and an orc.

Vanquished Creatures
  A centaur (D:3)
  A scorpion (D:3)
  The ghost of ololoev the Covered, a weakling DsFi (D:4)
  A crimson imp (D:5)
  A giant frog zombie (D:6)
  4 orc priests
  A hound (D:4)
  6 orc wizards
  5 worker ants
  A river rat (D:5)
  8 adders
  5 worms
  2 giant geckos
  19 orcs
  3 ball pythons
  8 giant cockroaches
  9 hobgoblins
  6 jackals
  3 quokkas
  10 bats
  7 giant newts
  14 goblins
  A jackal skeleton (D:4)
  A jackal zombie (D:5)
  13 kobolds
  10 rats
141 creatures vanquished.

Notes
Turn   | Place    | Note
--------------------------------------------------------------
     0 | D:1      | tp1 the Deep Elf Conjurer began the quest for the Orb.
     0 | D:1      | Reached XP level 1. HP: 10/10 MP: 6/6
   134 | D:1      | Reached XP level 2. HP: 15/15 MP: 1/8
   887 | D:1      | Reached XP level 3. HP: 19/19 MP: 7/9
  1575 | D:2      | Reached skill level 5 in Conjurations
  1685 | D:2      | Found a radiant altar of Vehumet.
  1703 | D:2      | Became a worshipper of Vehumet
  1941 | D:2      | Reached XP level 4. HP: 24/24 MP: 4/12
  1945 | D:2      | Learned a level 2 spell: Searing Ray
  1949 | D:2      | Learned a level 3 spell: Dazzling Spray
  2105 | D:2      | Found a sparkling altar of Nemelex Xobeh.
  2321 | D:2      | Found a radiant altar of Vehumet.
  2547 | D:2      | Found a sparkling altar of Nemelex Xobeh.
  2707 | D:3      | Reached skill level 1 in Short Blades
  2862 | D:3      | Noticed a centaur
  2870 | D:3      | Killed a centaur
  2870 | D:3      | Reached XP level 5. HP: 26/28 MP: 3/13
  2872 | D:3      | Reached * piety under Vehumet
  2872 | D:3      | Offered knowledge of Sting by Vehumet.
  2955 | D:3      | Reached skill level 1 in Armour
  2955 | D:3      | Reached XP level 6. HP: 32/32 MP: 1/14
  3300 | D:3      | Found a shadowy altar of Dithmenos.
  3300 | D:3      | Found a stormy altar of Qazlal.
  3304 | D:3      | Found a burning altar of Makhleb.
  3908 | D:3      | Found a shadowy altar of Dithmenos.
  3908 | D:3      | Found a stormy altar of Qazlal.
  3912 | D:3      | Found a burning altar of Makhleb.
  4097 | D:4      | Noticed ololoev's ghost (weakling DsFi)
  4103 | D:4      | Killed ololoev's ghost
  4114 | D:4      | Noticed Natasha
  4144 | D:5      | Entered Level 5 of the Dungeon
  4501 | D:5      | Learned a level 5 spell: Iskenderun's Battlesphere
  4733 | D:5      | Reached XP level 7. HP: 24/36 MP: 8/16
  4834 | D:5      | Found Liruguo's Jewellery Emporium.
  4940 | D:5      | Reached skill level 5 in Spellcasting
  4943 | D:5      | Reached ** piety under Vehumet
  5028 | D:5      | Offered knowledge of Shock by Vehumet.
  5248 | D:5      | Found a staircase to the Ecumenical Temple.
  5270 | D:5      | Found a sacrificial altar of Ru.
  5281 | D:5      | Reached skill level 6 in Spellcasting
  5497 | D:5      | Reached skill level 1 in Hexes
  6257 | D:6      | Offered knowledge of Mephitic Cloud by Vehumet.
  6873 | D:6      | Noticed Prince Ribbit
  7069 | D:7      | Killed from afar by an orc priest

Vault maps used:
D:1:      grunt_arrival_lava_bath, hangedman_feature_mirror
D:2:      lemuel_doored_altar, grunt_ministairs_9, nemelex_lonely_heart_becter
D:3:      minitemple, roderic_roman_lattice, kennysheep_another_room
D:4:      first_bread, uniq_pikel, uniq_purgy, uniq_natasha
D:5:      nicolae_ru_great_annihilating_truth, minmay_temple_entry_trees,
          serial_shops, shop, portal_sewer_entry_b, lemuel_flame_loot_1
D:6:      enter_ossuary_3, minmay_liquid_box, uniq_prince_ribbit1,
          uniq_blork_the_orc, uniq_menkaure
D:7:      the_bakery, grunt_decor_arrowhead, minmay_unpleasant_kobolds

Action                   |  1- 3 |  4- 6 |  7- 9 || total
-------------------------+-------+-------+-------++-------
Melee: Short sword       |       |     2 |    12 ||    14
       Dagger            |       |    17 |       ||    17
       Rapier            |       |    13 |    25 ||    38
 Cast: Magic Dart        |    81 |    92 |    72 ||   245
       Dazzling Spray    |       |    12 |     6 ||    18
       Searing Ray       |       |    20 |    37 ||    57
  Use: Potion            |       |     2 |     2 ||     4
       Scroll            |       |       |    10 ||    10
 Stab: Invisible         |       |     1 |       ||     1
  Eat: Chunk             |     2 |    10 |     6 ||    18
       Fruit             |     1 |       |     1 ||     2
